AoeStats
← jpierred

Arabian Desert

509253941Analyzed
1v1 RM · 6d ago on Sep 26, 2026· 37m 49s· 2 players
Game mode
Random Map
Map size
Tiny (2 player)
Population
200
Speed
Normal
Resources
Standard
Victory
Conquest
Starting age
Dark Age
Ending age
Imperial Age
RankedLock teamsTeams togetherTeam positionsShared explorationLock speedFull tech treeHidden civsTurbo modeCheats
Victory
Defeat
🇺🇦 Inca · Ukraine
794
+13
🇧🇷 Tupi · Brazil
737
-32
jpierred
3:42 Loom
9:40 Feudal Age
12:41 Double-Bit Axe
15:23 Champi Runner
32:14 Castle Age
30:56 Town Watch
32:56 Champi Warrior
33:47 Scale Mail Armor
33:59 Forging
МАМУТ
12:15 Feudal Age
10:31 Loom
12:22 Feudal Age
13:26 Horse Collar
13:31 Double-Bit Axe
15:19 Forging
15:09 Scale Mail Armor
17:27 Wheelbarrow
24:21 Fletching
32:07 Castle Age
35:25 Iron Casting
35:06 Chain Mail Armor
35:02 Heavy Plow
35:13 Bow Saw
Connection lost

Rejoining the realm…

Still unreachable

The connection could not be restored.

Session expired

The server has moved on; the page needs a fresh start.